 Dungeon Crawl Stone Soup version 0.18-a0-1773-gec4f98e (webtiles) character file.

73 Chiseanne the Magician (level 4, 30/30 HPs)
             Began as a Demonspawn Wizard on Apr 14, 2016.
             Quit the game on level 2 of the Dungeon.
             The game lasted 00:05:53 (3144 turns).

Chiseanne the Magician (Demonspawn Wizard)          Turns: 3144, Time: 00:05:54

Health: 30/30      AC:  5    Str:  8    XL:     4   Next: 8%
Magic:  10/10      EV: 12    Int: 20    God:
Gold:   41         SH:  0    Dex: 11    Spells: 4 memorised, 3 levels left

rFire  . . .     SeeInvis .     e - +0 dagger
rCold  . . .     Gourm    .     a - +0 robe
rNeg   . . .     Faith    .     (no shield)
rPois  .         Spirit   .     b - +1 hat
rElec  .         Dismiss  .     (no cloak)
rCorr  .         Reflect  .     (no gloves)
SustAt .         Harm     .     (no boots)
MR     .....                    (no amulet)
Stlth  ++........               (no ring)
                                (no ring)

@: repel missiles, not resistant to hostile enchantments, unstealthy
A: talons 1, slimy green scales 1
a: no special abilities


You were on level 2 of the Dungeon.
You were not hungry.

You visited 1 branch of the dungeon, and saw 3 of its levels.

You collected 41 gold pieces.

Inventory:

Hand Weapons
 e - a +0 dagger (weapon)
Missiles
 i - 54 arrows
Armour
 a - a +0 robe (worn)
 b - a +1 hat (worn)
Potions
 f - a potion of flight {unknown}
 h - a potion of curing
 j - a potion of brilliance {unknown}
Books
 c - a book of Minor Magic

   Spells                             Type                      Level
   a - Magic Dart                     Conjuration                  1
   b - Blink                          Translocation                2
   c - Call Imp                       Summoning                    2
   d - Repel Missiles                 Charms/Air                   2
   e - Slow                           Hexes                        2
   f - Conjure Flame                  Conjuration/Fire             3
   g - Mephitic Cloud                 Conjuration/Poison/Air       3
Comestibles
 d - 3 bread rations


   Skills:
 - Level 1.7 Dodging
 - Level 1.7 Stealth
 * Level 4.0 Spellcasting
 * Level 2.6 Conjurations
   Level 1.0 Summonings
 - Level 0.8 Translocations


You had 3 spell levels left.
You knew the following spells:

 Your Spells              Type           Power        Failure   Level  Hunger
a - Magic Dart            Conj           ##..         4%          1    None
b - Blink                 Tloc           N/A          17%         2    #......
c - Repel Missiles        Chrm/Air       #.....       21%         2    #......
d - Mephitic Cloud        Conj/Pois/Air  #.......     30%         3    ###....


Dungeon Overview and Level Annotations

Branches:
Dungeon (3/15)

Altars:
Cheibriados


Innate Abilities, Weirdness & Mutations

You have sharp toenails.
You are partially covered in slimy green scales (AC +2).


Message History

Press: ? - help, Shift-Dir - straight line, f/p - river rat
Aim: a river rat (severely wounded)
The magic dart hits the river rat.
The river rat is almost dead.
The river rat barely misses you.
There is a stone staircase leading down here.
You see here 28 stones.
Casting: Magic Dart
Confirm with . or Enter, or press ? or * to list all spells.
Aiming: Magic Dart
Press: ? - help, Shift-Dir - straight line, f/p - river rat
Aim: a river rat (almost dead)
The magic dart hits the river rat.
You kill the river rat!
You have reached level 4!
You feel stronger.
Your demonic ancestry asserts itself...
Your toenails lengthen and sharpen.
Eating a chunk of flesh.
This raw flesh tastes terrible.
You continue eating. x2
Are you sure you want to abandon this character and quit the game? (Confirm with "yes".)

...#### ##.###.# #.....####
#.###.##########
#.###....###..##>##.......#
#.######..........#.......#
....# ##...##.....#.....>.#
##..###.._..#.....#.......#
#................#.......#
##....)#...#..>†.........# #
#####...###...@.#.......# ##
###...# #.....#.......#
.####...#.###.....#.......#
.......##..##.####........#
#####).###......##.#########
#)..............#.......#
####.#######..#...##...†...#
....^# #...#.<.........#
.##### #<#....#........#


There were no monsters in sight!

Vanquished Creatures
  A river rat (D:2)
  An adder (D:2)
  An ooze (D:1)
  A worm (D:2)
  A dart slug (D:2)
  A giant gecko (D:2)
  A giant cockroach (D:1)
  4 goblins
  9 hobgoblins
  4 bats
  6 giant newts
  7 kobolds
  10 rats
47 creatures vanquished.

Notes
Turn   | Place    | Note
--------------------------------------------------------------
     0 | D:1      | Chiseanne the Demonspawn Wizard began the quest for the Orb.
     0 | D:1      | Reached XP level 1. HP: 13/13 MP: 4/4
   623 | D:1      | Gained mutation: You are partially covered in slimy green scales (AC +2). [demonic ancestry]
   623 | D:1      | Reached XP level 2. HP: 19/19 MP: 0/6
  1288 | D:1      | Learned a level 2 spell: Blink
  1291 | D:1      | Learned a level 2 spell: Repel Missiles
  1884 | D:2      | Reached XP level 3. HP: 24/24 MP: 6/8
  2257 | D:2      | Found a snail-covered altar of Cheibriados.
  2686 | D:2      | Learned a level 3 spell: Mephitic Cloud
  2923 | D:3      | Reached skill level 4 in Spellcasting
  2970 | D:2      | Gained mutation: You have sharp toenails. [demonic ancestry]
  2970 | D:2      | Reached XP level 4. HP: 12/30 MP: 0/10
  3144 | D:2      | Quit the game

Vault maps used:
D:1:      dpeg_arrival_concentric_ovals
D:2:      cheibriados_altar_1
D:3:      marbit_many_paths, nicolae_overflow_crystal_walls, old_standard_altar,
          portal_sewer_entry_a, ecumenical_altar_2, grunt_ministairs_6

Skill      XL: |  1  2  3 |
---------------+----------+-----
Conjurations   | 2 |  2.6
Spellcasting   | 4 |  4.0
Dodging        | |  1.7
Stealth        | |  1.7
Summonings     | |  1.0
Translocations | |  0.8

Action                   |  1- 3 |  4- 6 || total
-------------------------+-------+-------++-------
Melee: Dagger            |    79 |       ||    79
 Cast: Magic Dart        |   122 |     1 ||   123
       Repel Missiles    |     1 |       ||     1
  Use: Scroll            |     6 |       ||     6
       Potion            |     1 |       ||     1
  Eat: Chunk             |     6 |     1 ||     7
Armor: Robe              |    21 |       ||    21
Dodge: Dodged            |    82 |       ||    82
       Deflected         |     1 |       ||     1
